 Dungeon Crawl Stone Soup version 0.30.1-11-g7821555f0a (webtiles) character file.

Game seed: 266181369484318899

356 lonewolfV2 the Covered (level 6, -3/51 HPs)
             Began as a Hill Orc Fighter on Oct 30, 2023.
             Was an Initiate of Qazlal.
             Killed from afar by a steam dragon (18 damage)
             ... with a ball of steam
             ... on level 4 of the Dungeon.
             The game lasted 00:05:17 (4308 turns).

lonewolfV2 the Covered (Hill Orc Fighter)           Turns: 4308, Time: 00:05:17

Health: -3/51      AC:  8    Str: 19    XL:     6   Next: 63%
Magic:  7/7        EV: 10    Int:  8    God:    Qazlal [......]
Gold:   284        SH:  5    Dex: 12    Spells: 5/5 levels left

rFire   . . .        a - +0 war axe
rCold   . . .        c - +0 buckler
rNeg    . . .        b - +0 scale mail
rPois   .            (no helmet)
rElec   .            (no cloak)
rCorr   .            (no gloves)
SInv    .            h - +0 pair of boots
Will    .....        (no amulet) Stlth
                     (no ring)
HPRegen 0.28/turn    (no ring)
MPRegen 0.10/turn

%: no passive effects
@: no status effects
A: no striking features
a: Renounce Religion


You were on level 4 of the Dungeon.
You worshipped Qazlal.
Qazlal was noncommittal.
You visited 1 branch of the dungeon, and saw 4 of its levels.

You collected 284 gold pieces.

Inventory:

Hand Weapons
 a - a +0 war axe (weapon)
Missiles
 i - a throwing net (quivered)
Armour
 b - a +0 scale mail (worn)
 c - a +0 buckler (worn)
 h - a +0 pair of boots (worn)
Potions
 d - a potion of heal wounds
 e - 2 potions of mutation
 f - a potion of magic {unknown}
 g - a potion of flight {unknown}
 k - a potion of degeneration {unknown}


   Skills:
 - Level 3.6 Fighting
 - Level 2.6 Axes
 + Level 4.7 Armour
 * Level 3.4 Dodging
 - Level 4.6 Shields
 + Level 2.3 Invocations


You had 5 spell levels left.
You didn't know any spells.
Your spell library contained the following spells:

 Spells                   Type           Power      Damage    Failure   Level
 Poisonous Vapours        Pois/Air       0%         N/A       93%         2
 Frozen Ramparts          Ice            0%         1d1       99%         3
 Mephitic Cloud           Conj/Pois/Air  0%         N/A       99%         3
 Ice Form                 Ice/Tmut       0%         N/A       100%        4
 Summon Ice Beast         Ice/Summ       0%         N/A       100%        4
 Freezing Cloud           Conj/Ice/Air   0%         6-21      100%        5


Dungeon Overview and Level Annotations

Branches:
Dungeon (4/15)             Temple (0/1) D:4

Altars:
Gozag
Qazlal


Message History

The steam dragon is heavily wounded.
The steam dragon barely misses you.
The steam dragon claws you but does no damage.
You closely miss the steam dragon.
The steam dragon is heavily wounded.
The steam dragon barely misses you. x2
You hit the steam dragon but do no damage.
The steam dragon is heavily wounded.
The steam dragon misses you.
The steam dragon claws you but does no damage.
The steam dragon bites you.
The steam dragon claws you but does no damage.
You closely miss the steam dragon.
The steam dragon is moderately wounded.
The steam dragon breathes steam at you. The ball of steam misses you.
You barely miss the steam dragon.
The steam dragon is moderately wounded.
The steam dragon bites you but does no damage.
The steam dragon claws you. The steam dragon misses you.
The steam dragon claws you.
You hit the steam dragon.
The steam dragon is heavily wounded.
The steam dragon completely misses you. The steam dragon barely misses you.
You hit the steam dragon but do no damage.
The steam dragon is heavily wounded.
The steam dragon breathes steam at you. The ball of steam hits you.
You slash the steam dragon!
The steam dragon is almost dead.
The steam dragon bites you but does no damage.
The steam dragon claws you but does no damage.
The steam dragon breathes steam at you. The ball of steam hits you!
* * * LOW HITPOINT WARNING * * *
You closely miss the steam dragon.
The steam dragon is almost dead.
The steam dragon breathes steam at you. The ball of steam hits you!!
You die...

#........##...###....##....
#........#.................
#........+.................
#........#.................
#........###+###...........
#........#.....#.....######
#........#§§...#.....#.....
#..^.....#§....#######.....
#........'@†...# #.....
#........#D....# #.....
#........#.....# #.....
#........#.....# #.....
#...##...#.....# #.....
#...############ ######
#... #..


You could see a steam dragon (catching breath).

Vanquished Creatures
  Pargi (D:4)
  A gnoll bouda (D:4)
  An iguana (D:4)
  6 gnolls
  5 adders
  A white imp (D:3)
  2 worms
  6 dart slugs
  9 orcs
  6 endoplasms
  3 giant cockroaches
  4 goblins
  7 hobgoblins
  2 jackals (D:1)
  3 quokkas
  6 ball pythons
  5 bats
  6 kobolds
  3 rats
77 creatures vanquished.

Notes
Turn   | Place    | Note
-------+----------+-------------------------------------------
     0 | D:1      | lonewolfV2 the Hill Orc Fighter began the quest for the
                  | Orb.
     0 | D:1      | Reached XP level 1. HP: 19/19 MP: 1/1
   154 | D:1      | Reached XP level 2. HP: 24/26 MP: 2/2
   232 | D:1      | Reached skill level 1 in Dodging
   636 | D:1      | Reached XP level 3. HP: 31/31 MP: 3/3
  1066 | D:2      | Reached XP level 4. HP: 3/39 MP: 4/4
  2000 | D:3      | Found an opulent altar of Gozag.
  2000 | D:3      | Found a stormy altar of Qazlal.
  2011 | D:3      | Became a worshipper of Qazlal Stormbringer
  2253 | D:3      | Reached XP level 5. HP: 40/45 MP: 5/5
  2753 | D:4      | Found a staircase to the Ecumenical Temple.
  2812 | D:4      | Reached skill level 1 in Invocations
  2824 | D:4      | HP: 2/45 [gnoll bouda/+0 whip (8)]
  3262 | D:4      | Reached XP level 6. HP: 23/51 MP: 7/7
  3821 | D:4      | Noticed Pargi
  3841 | D:4      | Killed Pargi
  4286 | D:4      | Noticed a steam dragon
  4308 | D:4      | Killed from afar by a steam dragon

Illustrated notes

Levels and vault maps discovered:
D:1:      roderic_octagonal_star, layout_basic, minmay_misc_feat_tower
D:2:      layout_rooms
D:3:      layout_basic, nicolae_overflow_two_pavilions
D:4:      layout_gridville, temple_pool_b, minmay_cut_off, uniq_pargi

Skill      XL: |  1  2  3  4  5  6 |
---------------+-------------------+-----
Dodging        | 1 2 3 |  3.4
Armour         | 4 |  4.7
Shields        | 4 |  4.6
Invocations    | 1 2 |  2.3
Fighting       | |  3.6
Axes           | |  2.6

Action                     |  1- 3 |  4- 6 || total
---------------------------+-------+-------++-------
  Melee: War axe           |    73 |   230 ||   303
    Use: Scroll            |       |     4 ||     4
         Potion            |       |     4 ||     4
 Armour: Scale mail        |    47 |   125 ||   172
  Dodge: Dodged            |    52 |   133 ||   185
  Block: Buckler           |    24 |    71 ||    95
